 Dungeon Crawl Stone Soup version 0.30-a0-632-g346586fe48 (webtiles) character file.

Game seed: 16370561169994644004

11 Leeroy the Slasher (level 2, -1/17 HPs)
             Began as a Tengu Warper on Jan 13, 2023.
             Succumbed to a goblin's poison
             ... on level 1 of the Dungeon.
             The game lasted 00:00:36 (393 turns).

Leeroy the Slasher (Tengu Warper)                    Turns: 393, Time: 00:00:36

Health: -1/17      AC:  3    Str: 11    XL:     2   Next: 25%
Magic:  2/6        EV: 11    Int: 13    God:
Gold:   70         SH:  0    Dex: 13    Spells: 3/5 levels left

rFire   . . .      SeeInvis .    a - +0 falchion
rCold   . . .      Faith    .    (no shield)
rNeg    . . .      Spirit   .    b - +0 leather armour
rPois   .          Reflect  .    (helmet restricted)
rElec   .          Harm     .    (no cloak)
rCorr   .          Rampage  .    (no gloves)
Will    .....                    (boots unavailable)
Stlth   +                        (no amulet)
HPRegen 0.22/turn                f - ring of wizardry
MPRegen 0.10/turn                (no ring)

@: lethally poisoned (-1 -> -9), on blink cooldown, very slightly contaminated
A: beak, talons 3
a: no special abilities


You were on level 1 of the Dungeon.
You visited 1 branch of the dungeon, and saw 1 of its levels.

You collected 70 gold pieces.

Inventory:

Hand Weapons
 a - a +0 falchion (weapon)
Missiles
 d - 7 boomerangs of dispersal (quivered)
Armour
 b - a +0 leather armour (worn)
Jewellery
 f - a ring of wizardry (left hand)
Scrolls
 c - a scroll of blinking
 e - a scroll of fog {unknown}
 g - a scroll of butterflies {unknown}


   Skills:
 - Level 2.0 Fighting
 + Level 3.2 Long Blades
 - Level 1.0 Throwing
 - Level 1.1 Armour
 - Level 2.1 Dodging
 - Level 2.0 Spellcasting
 - Level 2.4 Translocations


You had 3 spell levels left.
You knew the following spells:

 Your Spells              Type           Power      Damage    Failure   Level
a - Blink                 Tloc           14%        N/A       8%          2

Your spell library contained the following spells:

 Spells                   Type           Power      Damage    Failure   Level
 Lesser Beckoning         Tloc           14%        N/A       16%         3
 Teleport Other           Tloc           7%         N/A       16%         3
 Vhi's Electric Charge    Tloc/Air       8%         N/A       24%         3
 Manifold Assault         Tloc           7%         N/A       43%         4


Dungeon Overview and Level Annotations

Branches:
Dungeon (1/15)

Altars:


Innate Abilities, Weirdness & Mutations

You have a beak for a mouth.
You have claws for feet.


Message History

You now have 70 gold pieces (gained 7).
A goblin comes into view. It is wielding a +0 dagger of venom.
A goblin is nearby!
A hobgoblin comes into view.
The goblin shouts!
The hobgoblin shouts!
You barely miss the hobgoblin.
You punch the hobgoblin, but do no damage.
The hobgoblin barely misses you.
You completely miss the hobgoblin. Your kick misses the hobgoblin.
Your peck misses the hobgoblin. The goblin hits you but does no damage.
You are poisoned.
The hobgoblin barely misses you.
You hit the hobgoblin but do no damage.
You feel very sick.
The goblin hits you with a +0 dagger of venom.
The hobgoblin hits you.
You are too injured to fight recklessly!
You are too injured to fight recklessly!
You are too injured to fight recklessly!
You are too injured to fight recklessly!
You are too injured to fight recklessly!
You are too injured to fight recklessly!
Casting: Blink (safe; 8% risk of failure)
Confirm with . or Enter, or press ? or * to list all spells.
You miscast Blink.
You are very lightly contaminated with residual magic.
Nothing appears to happen.
You feel sick.
The goblin hits you with a +0 dagger of venom.
You are lethally poisoned!
The hobgoblin hits you but does no damage.
Casting: Blink (safe; 8% risk of failure)
Confirm with . or Enter, or press ? or * to list all spells.
You blink.
* * * LOW HITPOINT WARNING * * *
You feel very sick.
You aren't carrying any potions.
Okay, then.
* * * LOW HITPOINT WARNING * * *
You feel very sick.
You die...

# .#.#.#.# #.................
.........###.........##......
.........##..........##......
.......##..................
#.#+#!...[...........##...
#.#...#..........#..... #...
#......g.........#....( #...
........g#.............. +...
........#...@.....#.....##...
........#.........#..........
##......#....................
#......#....................
#......#.................##.
#......##.######..........##
.. .....####.# #.. ... #.# ##
##.##


You could see a hobgoblin and a goblin.

Vanquished Creatures
  A ball python (D:1)
  A bat (D:1)
  An endoplasm (D:1)
  2 goblins (D:1)
  A hobgoblin (D:1)
  A kobold (D:1)
  2 rats (D:1)
9 creatures vanquished.

Notes
Turn   | Place    | Note
-------+----------+-------------------------------------------
     0 | D:1      | Leeroy the Tengu Warper began the quest for the Orb.
     0 | D:1      | Reached XP level 1. HP: 12/12 MP: 4/4
   275 | D:1      | Reached XP level 2. HP: 17/17 MP: 6/6
   277 | D:1      | Reached skill level 3 in Long Blades
   280 | D:1      | Learned a level 2 spell: Blink
   393 | D:1      | Succumbed to a goblin's poison

Illustrated notes

Levels and vault maps discovered:
D:1:      minmay_arrival_split_and_join, layout_basic

Skill      XL: |  1  2 |
---------------+-------+-----
Long Blades    | 3 |  3.2
Fighting       | |  2.0
Throwing       | |  1.0
Armour         | |  1.1
Dodging        | |  2.1
Spellcasting   | |  2.0
Translocations | |  2.4

Action                   || total
-------------------------++-------
Melee: Falchion          ||    20
       Peck              ||     3
       Kick              ||     2
       Punch             ||     1
 Cast: Blink             ||     1
Armor: Leather armour    ||     6
Dodge: Dodged            ||    13

Table legend: (Time is in decaauts)
 A = Elapsed time spent in this place.
 B = Non-inter-level travel time spent in this place.
 C = Inter-level travel time spent in this place.
 D = Time resting spent in this place.
 E = Time spent auto-exploring this place.
 F = Levels seen in this place.
 G = Mean time per level.
                   A        B        C        D        E       F      G
               +--------+--------+--------+--------+--------+-----+--------+
         Total |    395 |    395 |      0 |      0 |    328 |   1 |  395.0 |
       Dungeon |    395 |    395 |      0 |      0 |    328 |   1 |  395.0 |
               +--------+--------+--------+--------+--------+-----+--------+

Top non-repeatable levels by time:
     D:1: 395 daAuts
